 Dungeon Crawl Stone Soup version 0.25-a0-668-gea548f19b6 (webtiles) character file.

Game seed: 17971684500436207576, levelgen mode: deterministic

1078 Mehrunes the Cleaver (level 8, -3/69 (70) HPs)
             Began as a Hill Orc Fighter on Mar 28, 2020.
             Was a Follower of Okawaru.
             Slain by Purgy (7 damage)
             ... in a sewer.
             The game lasted 00:10:01 (4809 turns).

Mehrunes the Cleaver (Hill Orc Fighter)             Turns: 4809, Time: 00:10:02

HP:   -3/69 (70)    AC:  8    Str: 19    XL:     8   Next: 29%
MP:   10/10         EV:  7    Int: 10    God:    Okawaru [*.....]
Gold: 287           SH: 10    Dex: 10    Spells: 7/7 levels left

rFire    . . .     SeeInvis .   a - +0 war axe
rCold    . . .     Gourm    .   c - +0 kite shield
rNeg     . . .     Faith    .   b - +0 scale mail
rPois    .         Spirit   .   (no helmet)
rElec    .         Reflect  .   (no cloak)
rCorr    .         Harm     .   i - +0 pair of gloves
MR       .....                  (no boots)
Stlth    ..........             (no amulet)
HPRegen  0.21/turn              (no ring)
MPRegen  0.12/turn              (no ring)

@: no status effects
A: no striking features
a: Heroism, Renounce Religion


You were in a sewer.
You worshipped Okawaru.
Okawaru was aware of your devotion.
You were not hungry.

You visited 1 branch of the dungeon, and saw 6 of its levels.
You also visited: Sewer.

You collected 287 gold pieces.

Inventory:

Hand Weapons
 a - a +0 war axe (weapon)
 q - a +1 vorpal hand axe
Armour
 b - a +0 scale mail (worn)
 c - a +0 kite shield (worn)
 i - a +0 pair of gloves (worn)
 n - a +0 helmet
 t - a cursed +0 ring mail
Jewellery
 o - an uncursed amulet of inaccuracy
Wands
 v - a wand of scattershot (7)
Scrolls
 e - 2 scrolls of remove curse
 g - 3 scrolls of identify {unknown}
 h - 2 scrolls of enchant weapon {unknown}
 j - 2 scrolls of enchant armour {unknown}
 l - a scroll of noise {unknown}
 r - 2 scrolls of teleportation {unknown}
 w - 2 scrolls of magic mapping {unknown}
Potions
 k - 4 potions of curing {unknown}
 m - a potion of flight {unknown}
 s - a potion of ambrosia {unknown}
 u - a potion of magic {unknown}
 x - a potion of haste
 z - a potion of berserk rage {unknown}
Comestibles
 d - 11 chunks of flesh
 f - 9 rations


   Skills:
 + Level 6.1 Fighting
 * Level 8.1 Axes
 + Level 5.5 Armour
 + Level 5.4 Shields
 + Level 2.9 Invocations


You had 7 spell levels left.
You didn't know any spells.
Your spell library was empty.

Dungeon Overview and Level Annotations

Branches:
Dungeon (6/15)              Sewer (1/1)
 Temple: D:4-7

Altars:
Okawaru
Ru
Sif Muna
Trog
Vehumet

Annotations:
D:5 2 transporters, CryoSword's ghost, novice OgCK Sewer Purgy


Message History

Purgy barely misses you. Purgy closely misses you.
Purgy claws you but does no damage.
You hit Purgy.
Purgy is almost dead.
Purgy bites you.
* * * LOW HITPOINT WARNING * * *
You block Purgy's attack. Purgy claws you but does no damage.
You closely miss Purgy.
Purgy is almost dead.
You block Purgy's attack. Purgy claws you but does no damage.
You block Purgy's attack.
You closely miss Purgy.
Purgy is almost dead.
Purgy bites you!
* * * LOW HITPOINT WARNING * * *
You block Purgy's attack. Purgy barely misses you.
You hit Purgy.
Purgy is almost dead.
Purgy bites you!
You die...

#≈≈≈≈≈≈≈≈≈# ##≈≈≈≈≈≈≈.
#≈≈≈≈≈≈≈≈# ≈≈≈≈≈≈≈≈≈
#≈≈≈≈≈≈≈# ≈≈≈≈≈≈≈T#
#≈≈≈≈≈≈≈# ##≈≈≈≈≈≈###
#≈≈≈≈≈≈≈T@# ≈≈≈≈≈≈≈≈.###
#≈≈≈≈≈≈≈≈≈≈# #≈≈≈≈≈≈≈≈≈≈#
##### ##≈≈≈≈≈≈≈≈.##
#.÷∩###≈≈
#≈≈≈≈≈≈≈≈≈≈#####÷≈≈≈.≈≈≈≈
#≈#≈≈≈≈≈≈≈≈.÷#≈≈≈≈≈≈≈≈≈≈≈
###≈≈≈≈≈≈≈≈≈÷≈≈≈≈≈≈≈≈≈≈≈≈
#≈≈≈≈≈≈≈≈≈≈≈≈≈≈≈≈≈≈≈≈≈≈


You could see Purgy.

Vanquished Creatures
  A sky beast (D:6)
  2 ogres (D:4)
  A necrophage (D:5)
  A phantom (D:6)
  A centaur (D:6)
  A scorpion (D:6)
  2 crimson imps
  A centaur skeleton (D:5)
  An orc priest (D:4)
  A hound (D:4)
  Jessica (D:2)
  2 orc wizards (D:4)
  An iguana (D:5)
  A hound zombie (D:4)
  2 hound skeletons
  7 adders
  A howler monkey skeleton (D:4)
  A shadow imp (D:5)
  An ooze (D:4)
  An adder skeleton (D:5)
  An adder zombie (D:5)
  7 worms
  3 dart slugs
  6 leopard geckos
  7 orcs
  6 giant cockroaches
  5 goblins
  10 hobgoblins
  9 jackals
  3 kobolds
  3 quokkas
  4 ball pythons
  3 bats
  4 frilled lizards
  6 rats
107 creatures vanquished.

Notes
Turn   | Place    | Note
-------+----------+-------------------------------------------
     0 | D:1      | Mehrunes the Hill Orc Fighter began the quest for the Orb.
     0 | D:1      | Reached XP level 1. HP: 19/19 MP: 1/1
    30 | D:1      | Reached skill level 3 in Axes
    86 | D:1      | Reached XP level 2. HP: 18/27 MP: 2/2
   367 | D:1      | Reached XP level 3. HP: 33/33 MP: 3/3
   698 | D:2      | Reached skill level 4 in Axes
   698 | D:2      | Reached XP level 4. HP: 26/40 MP: 4/4
   933 | D:2      | Found a faded altar of an unknown god.
   957 | D:2      | Found a shimmering blue altar of Sif Muna.
  1044 | D:2      | Noticed Jessica
  1062 | D:2      | Killed Jessica
  1568 | D:2      | Reached XP level 5. HP: 45/47 MP: 5/5
  2235 | D:3      | Found a bloodstained altar of Trog.
  2289 | D:4      | Reached skill level 5 in Axes
  2576 | D:4      | Reached XP level 6. HP: 50/55 MP: 6/6
  2584 | D:4      | Found a radiant altar of Vehumet.
  2610 | D:4      | HP: 3/82 [ogre/+0 giant club (11)]
  2611 | D:4      | Reached skill level 5 in Fighting
  2993 | D:4      | Reached skill level 6 in Axes
  3008 | D:4      | Found an iron altar of Okawaru.
  3158 | D:4      | Reached XP level 7. HP: 46/61 MP: 7/7
  3205 | D:4      | Became a worshipper of Warmaster Okawaru
  3335 | D:5      | Entered Level 5 of the Dungeon
  3738 | D:5      | Noticed CryoSword's ghost (novice OgCK)
  3743 | D:5      | Found a transporter.
  3746 | D:5      | Found a transporter.
  3759 | D:5      | Reached skill level 5 in Armour
  3759 | D:5      | Reached skill level 1 in Invocations
  4026 | D:5      | Reached skill level 7 in Axes
  4026 | D:5      | Reached skill level 5 in Shields
  4295 | D:6      | Found a sacrificial altar of Ru.
  4374 | D:6      | Reached * piety under Okawaru
  4395 | D:6      | Reached XP level 8. HP: 24/69 MP: 9/9
  4623 | D:6      | Reached skill level 8 in Axes
  4711 | D:6      | Found a glowing drain.
  4722 | Sewer    | Entered a sewer
  4765 | Sewer    | Noticed Purgy
  4808 | Sewer    | HP: 3/69 [Purgy (7)]
  4809 | Sewer    | Slain by Purgy

Levels and vault maps discovered:
D:1:      dpeg_arrival_tiny_j, layout_rooms
D:2:      lemuel_upstairs_altar, layout_basic, nicolae_overflow_crystal_walls,
          chequers_ecumenical_altar_grove, kennysheep_donut, uniq_jessica
D:3:      layout_rooms, lightli_temple_of_fire
D:4:      layout_rooms, overflow_temple_1_default, okawaru_metal_pillars_1_2,
          minmay_quantized
D:5:      layout_basic, first_ration, gammafunk_ghost_arena
D:6:      layout_basic, hangedman_ru_absence, overflow_temple_1_default,
          cheibrodos_ashenzari_chains, temple_statues,
          cheibrodos_sewer_entry_sluice, basic_altar
Sewer:    sewer_co_purgy_island

Skill      XL: |  1  2  3  4  5  6  7  8 |
---------------+-------------------------+-----
Axes           | 3 4 5 6 7 8 |  8.1
Fighting       | 4 5 6 |  6.1
Shields        | 4 5 |  5.4
Armour         | 4 5 |  5.5
Invocations    | 2 |  2.9

Action                   |  1- 3 |  4- 6 |  7- 9 || total
-------------------------+-------+-------+-------++-------
Melee: War axe           |    89 |   136 |   161 ||   386
  Use: Scroll            |       |     1 |       ||     1
       Potion            |       |     2 |     1 ||     3
  Eat: Chunk             |       |     8 |     5 ||    13
Armor: Scale mail        |    58 |    67 |    80 ||   205
Dodge: Dodged            |    30 |    33 |    54 ||   117
Block: Kite shield       |    48 |    65 |    97 ||   210

Table legend:
 A = Non-vault XP
 B = Vault XP
 C = Vault XP percentage of total XP
 D = Non-vault monster count
 E = Vault monster count
 F = Vault count percentage of total count
                 A         B        C        D         E       F
            +---------+---------+-------+---------+---------+-------
      Total |    1446 |      95 |   6.2 |      98 |       9 |   8.4
            +---------+---------+-------+---------+---------+-------
        D:1 |      47 |       0 |   0.0 |      25 |       0 |   0.0
        D:2 |      82 |      37 |  31.1 |      22 |       1 |   4.3
        D:3 |      55 |       0 |   0.0 |      15 |       0 |   0.0
        D:4 |     483 |      21 |   4.2 |      17 |       1 |   5.6
        D:5 |     282 |       0 |   0.0 |      13 |       0 |   0.0
        D:6 |     497 |       7 |   1.4 |       6 |       2 |  25.0
      Sewer |       0 |      30 | 100.0 |       0 |       5 | 100.0
            +---------+---------+-------+---------+---------+-------
